 Dungeon Crawl Stone Soup version 0.21-a0-578-gc6e9d75 (webtiles) character file.

205 Gaball the Skirmisher (level 5, 0/50 HPs)
             Began as a Demigod Wanderer on Dec 18, 2017.
             Slain by a gnoll
             ... wielding a +0 halberd of protection
              (9 damage)
             ... on level 4 of the Dungeon.
             The game lasted 00:09:28 (3753 turns).

Gaball the Skirmisher (Demigod Wanderer)            Turns: 3753, Time: 00:09:29

Health: 0/50       AC:  5    Str: 17    XL:     5   Next: 27%
Magic:  7/7        EV:  9    Int: 14    God:
Gold:   156        SH:  4    Dex: 17    Spells: 4/4 levels left

rFire    . . .     SeeInvis .   r - +2 short sword (drain)
rCold    . . .     Gourm    .   d - +0 buckler
rNeg     . . .     Faith    .   u - +0 ring mail (curse)
rPois    .         Spirit   .   (no helmet)
rElec    .         Reflect  .   (no cloak)
rCorr    .         Harm     .   (no gloves)
MR       .....                  (no boots)
Stlth    +.........             (no amulet)
HPRegen  0.16/turn              l - ring of wizardry
MPRegen  0.10/turn              (no ring)

@: no status effects
A: high mp 1
a: no special abilities


You were on level 4 of the Dungeon.
You were not hungry.

You visited 1 branch of the dungeon, and saw 4 of its levels.

You collected 156 gold pieces.

Inventory:

Hand Weapons
 a - a +2 dagger
 r - a +2 short sword of draining (weapon)
Armour
 d - a +0 buckler (worn)
 e - a +0 robe
 n - a +0 leather armour
 u - a cursed +0 ring mail (worn)
Jewellery
 l - a ring of wizardry (left hand)
Scrolls
 b - a scroll of blinking
 h - 3 scrolls of remove curse
 i - 3 scrolls of enchant armour {unknown}
 j - 6 scrolls of teleportation {unknown}
 k - 2 scrolls of identify {unknown}
 m - a scroll of fog {unknown}
 o - a scroll of enchant weapon {unknown}
 q - a scroll of noise {unknown}
 t - a scroll of magic mapping {unknown}
Potions
 c - 3 potions of curing
 g - 2 potions of heal wounds {unknown}
 p - a potion of resistance {unknown}
 s - a potion of magic {unknown}
Comestibles
 f - 10 rations
 v - a chunk of flesh


   Skills:
 + Level 5.7 Fighting
   Level 1.0 Crossbows
 - Level 1.7 Armour
 - Level 1.7 Stealth
 - Level 1.0 Shields
 - Level 1.0 Unarmed Combat


You had 4 spell levels left.
You didn't know any spells.

Dungeon Overview and Level Annotations

Branches:
Dungeon (4/15)
 Temple: D:4-7


Innate Abilities, Weirdness & Mutations

You have an increased reservoir of magic. (+10% MP)


Message History

The gnoll shaman is heavily wounded.
The gnoll hits you but does no damage. The gnoll shaman hits you with a whip.
You puncture the gnoll shaman! You drain the gnoll shaman!
You kill the gnoll shaman!
The gnoll hits you from afar with an enchanted halberd.
You closely miss the gnoll.
The gnoll hits you from afar with an enchanted halberd!
The gnoll hits you with a club.
Your ring mail prevents you from hitting the gnoll.
The gnoll hits you from afar with a halberd of protection!
The gnoll hits you with a club.
* * * LOW HITPOINT WARNING * * *
The gnoll hits you from afar with an enchanted halberd!
* * * LOW HITPOINT WARNING * * *
You are too injured to fight recklessly!
Found 12 gold pieces.
There is a stone staircase leading up here.
The gnoll hits you but does no damage.
The gnoll hits you from afar with a halberd of protection!
You die...

#.#.###)#####.# #.# #.#
.#.#####g#####.#
............##.##
.........g......$
##.#####..###..###### #..#
#....รท..#
#.#####.g###..####.#
#........gg@..# #.#
.#######......#..####.####.#
..............#[)..........#
########......)).####.######
#####........## #.######.#
####............# #........#
.........##.....#####.#####...
.#######.##...........#
#.##...........#


You could see 3 gnolls.

Vanquished Creatures
  A gnoll shaman (D:4)
  7 adders
  A worm (D:4)
  A dart slug (D:3)
  4 leopard geckos
  15 orcs
  10 bats
  13 giant cockroaches
  4 goblins
  5 hobgoblins
  5 jackals
  A ball python (D:1)
  3 frilled lizards
  11 kobolds
  8 rats
89 creatures vanquished.

Notes
Turn   | Place    | Note
-------+----------+-------------------------------------------
     0 | D:1      | Gaball the Demigod Wanderer began the quest for the Orb.
     0 | D:1      | Gaball set off with: a +2 dagger, a scroll of blinking, a potion of curing, a +0 buckler, a +0 robe, a ration
     0 | D:1      | Reached XP level 1. HP: 18/18 MP: 3/3
   311 | D:1      | Reached skill level 3 in Fighting
   347 | D:1      | Reached XP level 2. HP: 10/26 MP: 4/4
  1573 | D:2      | Reached XP level 3. HP: 33/33 MP: 5/5
  1589 | D:2      | Reached skill level 4 in Fighting
  2140 | D:2      | Reached XP level 4. HP: 41/41 MP: 6/6
  2289 | D:3      | Found a bloodstained altar of Trog.
  2878 | D:3      | Reached skill level 5 in Fighting
  3312 | D:3      | Noticed an ogre
  3648 | D:4      | Reached XP level 5. HP: 48/48 MP: 7/7
  3753 | D:4      | Slain by a gnoll

Vault maps used:
D:1:      elethiomel_arrival_maze
D:2:      minmay_tromino_v2
D:3:      lemuel_crystal_altar, first_ration, portal_sewer_entry_f
D:4:      minmay_misc_feat_rows, due_unseen_surprise

Skill      XL: |  1  2  3  4 |
---------------+-------------+-----
Fighting       | 3 4 5 |  5.7
Crossbows      | |  1.0
Armour         | |  1.7
Stealth        | |  1.7
Shields        | |  1.0
Unarmed Combat | |  1.0

Action                   |  1- 3 |  4- 6 || total
-------------------------+-------+-------++-------
Melee: Dagger            |   156 |    45 ||   201
       Short sword       |       |    90 ||    90
  Use: Scroll            |     1 |       ||     1
       Potion            |       |     1 ||     1
 Stab: Sleeping          |     5 |     3 ||     8
       Distracted        |     1 |       ||     1
  Eat: Chunk             |     3 |     6 ||     9
Armor: Robe              |    22 |       ||    22
       Leather armour    |    22 |    15 ||    37
       Ring mail         |       |    11 ||    11
Dodge: Dodged            |    75 |    65 ||   140
Block: Buckler           |    34 |    22 ||    56

Table legend:
 A = Spawn XP
 B = Non-spawn XP
 C = Spawn XP percentage of total XP
 D = Spawn monster count
 E = Non-spawn monster count
 F = Spawn count percentage of total count
 G = Total turns spent on level
                    A         B        C        D         E        F      G
               +---------+---------+-------+---------+---------+-------+---------
         Total |       0 |     294 |   0.0 |       0 |      89 |   0.0 |  3753
               +---------+---------+-------+---------+---------+-------+---------
           D:1 |       0 |      28 |   0.0 |       0 |      19 |   0.0 |  1130
           D:2 |       0 |      79 |   0.0 |       0 |      20 |   0.0 |  1091
           D:3 |       0 |     117 |   0.0 |       0 |      39 |   0.0 |  1409
           D:4 |       0 |      70 |   0.0 |       0 |      11 |   0.0 |   123
               +---------+---------+-------+---------+---------+-------+---------
